 Dungeon Crawl Stone Soup version 0.30.2 (webtiles) character file.

Game seed: 16951523432559488595

162 Minsecho the Slasher (level 5, 0/41 HPs)
             Began as a Barachi Reaver on May 6, 2023.
             Splashed by a jelly's acid (1 damage)
             ... on level 5 of the Dungeon on Feb 6, 2024.
             The game lasted 00:11:03 (3152 turns).

Minsecho the Slasher (Barachi Reaver)               Turns: 3152, Time: 00:11:04

Health: 0/41       AC:  1    Str: 15    XL:     5   Next: 43%
Magic:  8/8        EV: 11    Int: 13    God:
Gold:   140        SH:  0    Dex: 11    Spells: 3/9 levels left

rFire   . . .        a - +0 falchion
rCold   . . .        (no shield)
rNeg    . . .        q - +0 ring mail {rPois}
rPois   +            (no helmet)
rElec   .            (no cloak)
rCorr   .            (no gloves)
SInv    .            (no boots)
Will    .....        (no amulet)
Stlth   +            (no ring)
HPRegen 0.26/turn    (no ring)
MPRegen 0.11/turn

%: no passive effects
@: corroded, slow
A: amphibious, slowness 1, strong legs 1, +LOS
a: Hop


You were on level 5 of the Dungeon.
You visited 1 branch of the dungeon, and saw 5 of its levels.

You collected 140 gold pieces.

Inventory:

Hand Weapons
 a - a +0 falchion (weapon)
 r - a +2 dagger of venom
Armour
 b - a +0 leather armour
 d - a +0 ring mail
 q - a +0 ring mail of poison resistance (worn)
Wands
 u - a wand of light (13)
Scrolls
 e - 2 scrolls of poison {unknown}
 g - 2 scrolls of identify {unknown}
 h - 2 scrolls of teleportation {unknown}
 i - 2 scrolls of magic mapping {unknown}
 l - a scroll of noise {unknown}
 n - a scroll of silence {unknown}
 o - a scroll of torment {unknown}
Potions
 c - 3 potions of curing {unknown}
 f - a potion of flight {unknown}
 j - a potion of mutation {unknown}
 k - a potion of degeneration {unknown}
 m - a potion of magic {unknown}
 p - 3 potions of berserk rage {unknown}
 s - a potion of haste {unknown}
 t - a potion of lignification {unknown}


   Skills:
 + Level 3.0 Fighting
 * Level 5.5 Long Blades
 + Level 2.0 Armour
 + Level 2.8 Dodging
 * Level 2.5 Spellcasting
 + Level 3.5 Conjurations
 + Level 1.1 Ice Magic


You had 3 spell levels left.
You knew the following spells:

 Your Spells              Type           Power      Damage    Failure   Level
a - Kiss of Death         Conj/Necr      24%        2d7       22%         1
b - Blink                 Tloc           2%         N/A       56%         2
c - Momentum Strike       Conj/Tloc      12%        3d8       32%         2
f - Freeze                Ice            16%        1d4       28%         1

Your spell library contained the following spells:

 Spells                   Type           Power      Damage    Failure   Level
 Summon Small Mammal      Summ           4%         N/A       43%         1
 Hailstorm                Conj/Ice       7%         3d4       47%         3
 Lesser Beckoning         Tloc           2%         N/A       56%         2
 Frozen Ramparts          Ice            8%         1d2       65%         3


Dungeon Overview and Level Annotations

Branches:
Dungeon (5/15)
 Temple: D:4-7

Altars:


Innate Abilities, Weirdness & Mutations

You are amphibious.
You cover ground slowly.
You can hop short distances.
You have an extended range of vision and can be seen from far away.


Message History

Done exploring.
Done exploring.
(D) Dungeon
Where to? (Enter - D:4, ? - help)
There is a stone staircase leading down here.
You climb downwards.
Found a scroll labelled NEZXUX VITHRUME and a ring mail.
There is a stone staircase leading up here.
An iguana is nearby!
An iguana is nearby!
A jelly comes into view.
The jelly quivers.
You hit the jelly.
Your hands burn!
The jelly is moderately wounded.
The jelly hits you but does no damage.
You hit the jelly but do no damage.
Your hands burn!
The jelly is moderately wounded.
The iguana barely misses you. The jelly closely misses you.
You hit the jelly. The acid corrodes you!
Your hands burn!
The jelly is heavily wounded.
The iguana bites you. The jelly closely misses you.
You hit the jelly.
Your hands burn!
You punch the jelly, but do no damage.
The jelly is severely wounded.
The iguana bites you! The jelly barely misses you.
You hit the jelly but do no damage.
Your hands burn!
The jelly is severely wounded.
The iguana bites you. The jelly barely misses you.
You are too injured to fight recklessly!
You are too injured to fight recklessly!
You are too injured to fight recklessly!
You hit the jelly.
Your hands burn!
The jelly is severely wounded.
The iguana bites you.
* * * LOW HITPOINT WARNING * * *
The jelly hits you.
* * * LOW HITPOINT WARNING * * *
You are splashed with acid!
* * * LOW HITPOINT WARNING * * *
You hit the jelly.
Your hands burn!
You die...

... ...#
.......#
......#
.....[#
#?#...
#.#..
#.#.#######
#.J........
#.@l.......
#<.........
###+#######


You could see an iguana and a jelly.

Vanquished Creatures
  A hound (D:3)
  An iguana (D:4)
  3 adders
  3 dart slugs
  5 orcs
  8 endoplasms
  3 giant cockroaches
  6 goblins
  8 hobgoblins
  4 jackals (D:1)
  4 kobolds
  A quokka (D:3)
  4 ball pythons
  5 bats
  6 frilled lizards
  3 rats
65 creatures vanquished.

Notes
Turn   | Place    | Note
-------+----------+-------------------------------------------
     0 | D:1      | Minsecho the Barachi Reaver began the quest for the Orb.
     0 | D:1      | Reached XP level 1. HP: 17/17 MP: 3/3
   135 | D:1      | Reached XP level 2. HP: 19/21 MP: 5/5
   249 | D:1      | Learned a level 1 spell: Freeze
   314 | D:1      | Reached skill level 4 in Long Blades
   398 | D:1      | Reached skill level 1 in Armour
   589 | D:2      | Reached XP level 3. HP: 10/28 MP: 0/6
   831 | D:2      | Learned a level 2 spell: Blink
  1352 | D:3      | Found a faded altar of an unknown god.
  1391 | D:3      | Got Plato's Compendium of Adjuration
  1443 | D:3      | Reached XP level 4. HP: 34/34 MP: 7/7
  1467 | D:3      | Reached skill level 1 in Ice Magic
  2017 | D:3      | Upgraded the game from 0.30.0 to 0.30.2
  2188 | D:3      | Reached skill level 5 in Long Blades
  2694 | D:4      | Reached XP level 5. HP: 23/40 MP: 8/8
  2944 | D:4      | Learned a level 2 spell: Momentum Strike
  3141 | D:5      | Entered Level 5 of the Dungeon
  3151 | D:5      | HP: 1/41 [acid (8)]
  3152 | D:5      | Splashed by a jelly's acid

Illustrated notes

Levels and vault maps discovered:
D:1:      heliophobic_arrival_battle_scene, layout_rooms
D:2:      layout_loops_ring, nrook_mini_backslash, nicolae_figureground_pulse
D:3:      layout_basic, shapermc_ecumenical_altar_rom_forum
D:4:      layout_basic
D:5:      layout_basic, nicolae_overflow_crystal_walls, uniq_pikel

Skill      XL: |  1  2  3  4  5 |
---------------+----------------+-----
Long Blades    | 4 5 |  5.5
Armour         | 1 2 |  2.0
Ice Magic      | 1 |  1.1
Fighting       | 3 |  3.0
Dodging        | |  2.8
Spellcasting   | |  2.5
Conjurations   | |  3.5

Action                     |  1- 3 |  4- 6 || total
---------------------------+-------+-------++-------
  Melee: Falchion          |   133 |   122 ||   255
         Punch             |       |     3 ||     3
   Cast: Kiss of Death     |     1 |       ||     1
         Freeze            |     4 |       ||     4
 Armour: Leather armour    |    15 |       ||    15
         Ring mail         |    42 |    40 ||    82
  Dodge: Dodged            |   124 |    82 ||   206
